 Dungeon Crawl Stone Soup version 0.26.1-11-gd32895ea62 (webtiles) character file.

Game seed: 8135237986101899110

3129 jagang the Fighter (level 9, -4/86 HPs)
             Began as a Green Draconian Berserker on May 21, 2021.
             Was an Elder of Trog.
             Slain by an orc warrior
             ... wielding a +0 glaive
              (12 damage)
             ... on level 8 of the Dungeon.
             The game lasted 00:31:36 (7831 turns).

jagang the Fighter (Green Draconian Berserker)      Turns: 7831, Time: 00:31:37

Health: -4/86      AC:  9    Str: 29    XL:     9   Next: 61%
Magic:  9/9        EV: 15    Int:  8    God:    Trog [****..]
Gold:   88         SH:  0    Dex: 10    Spells: 8/8 levels left

rFire    + . .     SeeInvis .   B - +1 dagger of Patterns {drain, rC++} (curse)
rCold    + + +     Faith    .   (no shield)
rNeg     + . .     Spirit   .   (armour unavailable)
rPois    +         Reflect  .   (helmet restricted)
rElec    .         Harm     .   x - scarf {rC+ rF+}
rCorr    .         Rampage  .   p - +0 pair of gloves
Will     .....                  J - +0 pair of boots (curse)
Stlth    +.........             E - amulet of regeneration
HPRegen  0.64/turn              e - ring of positive energy
MPRegen  0.11/turn              o - +6 ring of strength

@: short of breath, berserk cooldown, slowed, very slow
A: breathe noxious fumes, unfitting armour, poison resistance, cold-blooded, AC
+7
a: Breathe Noxious Fumes, Renounce Religion, Berserk, Trog's Hand, Brothers in
Arms


You were on level 8 of the Dungeon.
You worshipped Trog.
Trog was greatly pleased with you.
You visited 2 branches of the dungeon, and saw 9 of its levels.

You collected 418 gold pieces.
You spent 330 gold pieces at shops.

Inventory:

Hand Weapons
 a - a +0 falchion
 q - a +0 hunting sling
 B - the cursed +1 dagger of Patterns (weapon) {drain, rC++}
   (You found it on level 4 of the Dungeon)

   A truly terrible weapon, it drains the life of those it strikes.
   It greatly protects you from cold.
   It has a curse placed upon it.
Missiles
 r - 158 stones
 z - 43 sling bullets
Armour
 p - a +0 pair of gloves (worn)
 x - a scarf of resistance (worn)
 J - a cursed +0 pair of boots (worn)
Jewellery
 e - a ring of positive energy (left hand)
 i - an uncursed ring of flight
 m - an uncursed ring of fire
 o - a +6 ring of strength (right hand)
 E - an amulet of regeneration (around neck)
Wands
 v - a wand of random effects (20)
 C - a wand of digging (4)
 M - a wand of enslavement (8)
Scrolls
 b - 3 scrolls of immolation
 f - a scroll of amnesia {unknown}
 g - 4 scrolls of remove curse
 n - 2 scrolls of teleportation {unknown}
 s - a scroll of random uselessness {unknown}
 w - a scroll of enchant weapon {unknown}
 y - a scroll of fear {unknown}
 A - a scroll of noise {unknown}
 D - a scroll of vulnerability {unknown}
 G - a scroll of enchant armour {unknown}
 H - a scroll of holy word {unknown}
 I - a scroll of fog {unknown}
 K - a scroll of acquirement {unknown}
 L - a scroll of blinking {unknown}
Potions
 c - a potion of invisibility
 d - a potion of resistance
 h - a potion of attraction
 j - a potion of curing
 k - a potion of ambrosia {unknown}
 l - 2 potions of mutation
 t - a potion of heal wounds
 u - a potion of haste {unknown}
 F - a potion of magic {unknown}


   Skills:
 * Level 10.6 Fighting
 * Level 7.4 Long Blades
 * Level 6.8 Dodging
 + Level 1.6 Unarmed Combat


You had 8 spell levels left.
You didn't know any spells.
Your spell library was empty.

Dungeon Overview and Level Annotations

Branches:
Dungeon (8/15)             Temple (1/1) D:6
   Lair: D:8-11

Altars:
Cheibriados
Dithmenos
Elyvilon
Fedhas
Gozag
Hepliaklqana
Kikubaaqudgha
Makhleb
Nemelex Xobeh
Okawaru
Qazlal
Ru
Sif Muna
Trog
Uskayaw
Vehumet
Wu Jian
Xom
Yredelemnul
Zin
The Shining One

Shops:
D:7 =


Innate Abilities, Weirdness & Mutations

You can breathe blasts of noxious fumes.
Your lurid green scales are hard. (AC +7)
You cannot fit into any form of body armour.
Your system is resistant to poisons. (rPois)
You are cold-blooded and may be slowed by cold attacks.


Message History

The orc warrior is heavily wounded.
The orc warrior hits you with a +0 glaive!
* * * LOW HITPOINT WARNING * * *
You closely miss the orc warrior.
The orc warrior is heavily wounded.
You completely miss the orc warrior.
The orc warrior is heavily wounded.
The orc warrior barely misses you.
You hit the orc warrior but do no damage.
The orc warrior is heavily wounded.
The orc warrior hits you with a +0 glaive!
* * * LOW HITPOINT WARNING * * *
Press: ? - help, Shift-Dir - straight line, f/p - orc warrior
Aim: an orc warrior, wielding a +0 glaive and wearing a +0 chain mail (heavily wounded, heavily drained)
You exhale a blast of noxious fumes.
The blast of choking fumes hits the orc warrior.
The orc warrior is heavily wounded.
The orc warrior is engulfed in noxious fumes.
The orc warrior hits you with a +0 glaive!
You die...

#.........#####
...##......§..(....
...........○......$
...........☼.......
...........☼.......
...........§.......
...........o.......
.......)...@.......
..#....).†.........
.!.....†)).........
#.##...............
+....####.......
#....### .......
#......##.......
#...............
####............


You could see an orc warrior (drained).

Vanquished Creatures
  A troll (D:7)
  Grinder (D:3)
  Sigmund (D:5)
  A steam dragon (D:7)
  A water moccasin (D:7)
  An orc warrior (D:7)
  2 sky beasts (D:6)
  A phantom (D:8)
  An ice beast (D:5)
  4 ogres
  4 centaurs
  5 bullfrogs
  A scorpion (D:6)
  A howler monkey (D:7)
  An electric eel (D:6)
  A crimson imp (D:5)
  5 hounds
  4 orc priests
  2 orc wizards
  3 worker ants
  A killer bee zombie (D:7)
  A hound skeleton (D:5)
  3 worker ant zombies
  12 adders
  A howler monkey skeleton (D:6)
  3 shadow imps
  4 white imps
  2 ufetubi
  An ooze (D:6)
  An adder skeleton (D:4)
  An adder zombie (D:6)
  2 worms
  4 dart slugs
  7 leopard geckos
  27 orcs
  11 giant cockroaches
  8 goblins
  7 hobgoblins
  9 jackals
  4 quokkas
  A ball python skeleton (D:5)
  5 bats
  2 frilled lizards
  A goblin zombie (D:5)
  10 kobolds
  4 kobold skeletons (D:5)
  A kobold zombie (D:5)
  2 leopard gecko skeletons (D:6)
  2 orc skeletons (D:5)
  An orc zombie (D:5)
  A quokka skeleton (D:8)
  2 quokka zombies
  12 rats
194 creatures vanquished.

Vanquished Creatures (others)
  An electric eel (D:6)
1 creature vanquished.

Grand Total: 195 creatures vanquished

Notes
Turn   | Place    | Note
-------+----------+-------------------------------------------
     0 | D:1      | jagang the Draconian Berserker began the quest for the Orb.
     0 | D:1      | Reached XP level 1. HP: 19/19 MP: 1/1
   540 | D:1      | Reached XP level 2. HP: 24/27 MP: 2/2
  1009 | D:2      | Reached ** piety under Trog
  1010 | D:2      | Reached skill level 4 in Fighting
  1040 | D:2      | Reached XP level 3. HP: 33/33 MP: 3/3
  1620 | D:2      | Noticed a centaur
  1626 | D:2      | Killed a centaur
  1627 | D:2      | Reached skill level 5 in Fighting
  1627 | D:2      | Reached XP level 4. HP: 30/42 MP: 4/4
  1627 | D:2      | Reached XP level 5. HP: 34/48 MP: 5/5
  1943 | D:3      | Noticed Grinder
  1944 | D:3      | Paralysed by Grinder for 6 turns
  1956 | D:3      | Killed Grinder
  1957 | D:3      | Reached skill level 6 in Fighting
  1957 | D:3      | Reached XP level 6. HP: 10/57 MP: 6/6
  3140 | D:4      | Found a white marble altar of Elyvilon.
  3156 | D:4      | Your scales start taking on a lurid green colour.
  3156 | D:4      | Reached XP level 7. HP: 64/64 MP: 7/7
  3156 | D:4      | Gained mutation: Your system is resistant to poisons.
                  | (rPois) [Green Draconian growth]
  3476 | D:4      | Noticed a moth of wrath
  3504 | D:4      | Found a bloodstained altar of Trog.
  3679 | D:4      | Found a burning altar of Makhleb.
  3758 | D:4      | Found a shimmering altar of Xom.
  3812 | D:4      | Reached skill level 7 in Fighting
  4079 | D:4      | Got a jewelled dagger
  4080 | D:4      | Identified the cursed +1 dagger of Patterns {drain, rC++}
                  | (You found it on level 4 of the Dungeon)
  4085 | D:5      | Entered Level 5 of the Dungeon
  4088 | D:5      | Found a sacrificial altar of Ru.
  4089 | D:5      | Noticed Sigmund
  4127 | D:5      | Killed Sigmund
  4128 | D:5      | Reached skill level 5 in Long Blades
  4272 | D:5      | Found a snail-covered altar of Cheibriados.
  4330 | D:5      | Reached *** piety under Trog
  4379 | D:5      | Found an iron altar of Okawaru.
  4439 | D:5      | Found a glowing golden altar of the Shining One.
  4519 | D:5      | Reached skill level 5 in Dodging
  4526 | D:5      | Reached XP level 8. HP: 50/74 MP: 8/8
  4533 | D:5      | Reached skill level 8 in Fighting
  5764 | D:6      | Found a staircase to the Ecumenical Temple.
  5789 | Temple   | Entered the Ecumenical Temple
  6104 | D:6      | Reached skill level 9 in Fighting
  6801 | D:7      | Found a sparkling altar of Nemelex Xobeh.
  6821 | D:7      | Reached **** piety under Trog
  6847 | D:7      | Reached XP level 9. HP: 85/85 MP: 9/9
  6902 | D:7      | Found Yddo's Jewellery Shop.
  6961 | D:7      | Reached skill level 10 in Fighting
  7200 | D:7      | Bought an uncursed amulet of regeneration for 330 gold
                  | pieces
  7419 | D:7      | Found a radiant altar of Vehumet.
  7421 | D:7      | Noticed a troll
  7436 | D:7      | Killed a troll
  7437 | D:7      | Reached skill level 1 in Unarmed Combat
  7629 | D:8      | Found a burning altar of Makhleb.
  7831 | D:8      | Slain by an orc warrior

Illustrated notes

Levels and vault maps discovered:
D:1:      scummos_arrival_checkerplants, layout_basic
D:2:      layout_rooms, minmay_misc_feat_columns
D:3:      layout_loops_corners, kennysheep_decorative_pillar, uniq_grinder
D:4:      layout_gridville, nicolae_overflow_crystal_walls, tgw_trog,
          elyvilon_altar_5, overflow_temple_1_default
D:5:      layout_basic, nicolae_tso_besieged_by_evil, kennysheep_mini_moat,
          basic_altar, serial_bayou_pond_e, cheibriados_altar_1, uniq_sigmund
D:6:      layout_loops_ring, minmay_temple_entry_sparse_star,
          kennysheep_generic_room_16
D:7:      layout_rooms, vehumet_crystals, serial_shops, nicolae_shop_crystal,
          nemelex_xobeh_ov_fountains_minmay
D:8:      layout_basic, bloody_makhleb, uniq_gastronok
Temple:   dpeg_chambers_temple

Skill      XL: |  1  2  3  4  5  6  7  8  9 |
---------------+----------------------------+-----
Dodging        | 3 4 5 6 |  6.8
Fighting       | 4 5 6 7 9 10 | 10.6
Long Blades    | 4 5 6 7 |  7.4
Unarmed Combat | 1 |  1.6

Action                   |  1- 3 |  4- 6 |  7- 9 || total
-------------------------+-------+-------+-------++-------
Melee: Falchion          |    84 |    66 |    51 ||   201
       Tailslap          |    15 |    20 |    92 ||   127
       Dagger            |       |       |   559 ||   559
       Punch             |       |       |     1 ||     1
Invok: Berserk           |     2 |     2 |     6 ||    10
       Trog's Hand       |       |       |     5 ||     5
 Abil: Breathe Noxious F |       |       |    10 ||    10
  Use: Scroll            |       |     4 |     6 ||    10
       Potion            |       |       |     1 ||     1
 Stab: Sleeping          |     1 |       |     1 ||     2
       Confused          |       |       |     5 ||     5
Armor: Skin              |    39 |    36 |   229 ||   304
Dodge: Dodged            |    84 |    38 |   515 ||   637
       Rpst.: Falchion   |    29 |    14 |    13 ||    56
